Map: 2000 атмосфер РВ

Players

Hawk - Winner!

  • Race: Protoss Protoss
  • League: Grandmaster

Astrea

  • Race: Protoss Protoss
  • League: Master

VOD

Have the link to the VOD?

Description

Time

  • Played on: April 16, 2021, 4:23 p.m.
  • Length: 4:49
Show
View Real Time Build Order
Export as new Build Order

Hawk Protoss - Winner!

Build Orders: Blink Stalkers 

Get SALT Encoding   

  12  0:00  Probe  
  13  0:12  Probe  
  14  0:17  Pylon  
  14  0:24  Probe (Chrono Boost)  
  16  0:37  Probe (Chrono Boost), Gateway  
  16  0:42  Probe (Chrono Boost)  
  16  0:48  Assimilator  
  17  0:51  Probe  
  17  0:54  Assimilator  
  18  1:03  Probe (Chrono Boost)  
  19  1:06  Gateway  
  19  1:13  Probe (Chrono Boost)  
  19  1:18  Probe (Chrono Boost)  
  20  1:24  Cybernetics Core  
  21  1:30  Probe  
  22  1:35  Pylon  
  22  1:42  Probe  
  23  2:01  Stalker x2  
  27  2:02  Warp Gate  
  27  2:12  Twilight Council  
  27  2:20  Shield Battery  
  27  2:31  Stalker x2  
  31  2:42  Pylon  
  31  2:44  Blink (Chrono Boost)  
  31  3:06  Stalker x2  
  35  3:27  Nexus  
  35  3:40  Pylon  
  34  3:50  Stalker x2  
  38  4:00  Pylon  
  38  4:17  Stalker  
  38  4:18  Stalker, Shield Battery  
  38  4:22  Probe  
  43  4:34  Probe  
Show
View Real Time Build Order
Export as new Build Order

Astrea Protoss 

Build Orders: Phoenix Opening 

Get SALT Encoding   

  12  0:00  Probe  
  13  0:12  Probe  
  14  0:17  Pylon  
  14  0:24  Probe (Chrono Boost)  
  15  0:37  Probe (Chrono Boost), Gateway  
  16  0:44  Probe (Chrono Boost)  
  16  0:45  Assimilator  
  17  0:51  Probe  
  17  0:54  Assimilator  
  18  1:03  Probe (Chrono Boost)  
  19  1:10  Gateway  
  19  1:14  Probe (Chrono Boost)  
  20  1:19  Probe (Chrono Boost)  
  20  1:24  Cybernetics Core  
  21  1:30  Probe  
  22  1:34  Pylon  
  22  1:42  Probe  
  23  1:54  Probe  
  24  2:02  Stalker x2, Warp Gate  
  24  2:07  Probe  
  29  2:11  Pylon  
  29  2:19  Probe  
  30  2:25  Stargate  
  30  2:36  Adept x2  
  34  2:40  Probe  
  34  3:06  Stalker x2  
  34  3:12  Pylon  
  38  3:14  Phoenix (Chrono Boost)  
  38  3:18  Probe  
  38  3:27  Shield Battery  
  38  3:32  Phoenix  
  40  3:56  Phoenix (Chrono Boost)  
  40  3:58  Pylon  
  42  4:07  Robotics Facility  
  42  4:24  Phoenix  
  44  4:39  Stalker  
  44  4:41  Nexus, Zealot  
Tags
 
Add a new tag
Caveats
  • Supply blocks, unpowered buildings, or Contaminate may cause inaccurate times.
  • Supply counts are checked every 10 seconds.